 Dungeon Crawl Stone Soup version 0.21.1-1-g345015f (webtiles) character file.

903 Lovchig the Chopper (level 7, 0/63 HPs)
             Began as a Deep Dwarf Fighter on Feb 15, 2018.
             Slain by xccam's ghost (9 damage)
             ... on level 7 of the Dungeon.
             The game lasted 00:11:34 (3499 turns).

Lovchig the Chopper (Deep Dwarf Fighter)            Turns: 3499, Time: 00:11:35

Health: 0/63       AC:  9    Str: 21    XL:     7   Next: 80%
Magic:  4/4        EV:  5    Int:  9    God:
Gold:   307        SH: 15    Dex: 12    Spells: 6/6 levels left

rFire    . . .     SeeInvis .   a - +1 war axe
rCold    . . .     Gourm    .   p - +0 large shield
rNeg     . . .     Faith    .   g - +0 chain mail
rPois    .         Spirit   .   (no helmet)
rElec    .         Reflect  .   (no cloak)
rCorr    .         Harm     .   (no gloves)
MR       +....                  (no boots)
Stlth    ..........             (no amulet)
HPRegen  0.00/turn              h - ring of flight
MPRegen  0.09/turn              (no ring)

@: non-regenerating
A: damage resistance, heal wounds, sense surroundings 1, no regeneration
a: Heal Wounds, Evoke Flight


You were on level 7 of the Dungeon.
You were not hungry.

You visited 1 branch of the dungeon, and saw 7 of its levels.

You collected 307 gold pieces.

Inventory:

Hand Weapons
 a - a +1 war axe (weapon)
Armour
 g - a +0 chain mail (worn)
 p - a +0 large shield (worn)
Jewellery
 h - a ring of flight (left hand)
Wands
 u - a wand of flame (21)
Scrolls
 c - a scroll of enchant armour {unknown}
 i - 2 scrolls of amnesia
 k - 3 scrolls of blinking
 l - a scroll of teleportation {unknown}
 o - a scroll of fog
 r - 3 scrolls of remove curse
 v - 2 scrolls of magic mapping {unknown}
Potions
 b - a potion of ambrosia
 d - a potion of might
 e - 4 potions of curing
 j - a potion of resistance
 m - a potion of cancellation
 n - a potion of invisibility
 q - a potion of flight
 s - 2 potions of heal wounds {unknown}
 t - a potion of berserk rage {unknown}
Comestibles
 f - 7 rations


   Skills:
 * Level 3.9 Fighting
 * Level 6.7 Axes
 * Level 4.8 Armour
 * Level 2.8 Dodging
 * Level 5.5 Shields


You had 6 spell levels left.
You didn't know any spells.

Dungeon Overview and Level Annotations

Branches:
Dungeon (7/15)
 Temple: D:4-7

Altars:
Fedhas
Qazlal
Uskayaw

Annotations:
D:7 xccam's ghost, novice GnWn


Innate Abilities, Weirdness & Mutations

You are resistant to damage.
You can heal yourself by infusing magical energy.
You passively map a small area around you.
You do not regenerate.


Message History

You closely miss xccam's ghost.
Xccam's ghost is moderately damaged.
Xccam's ghost hits you.
You slash xccam's ghost!
Xccam's ghost is heavily damaged.
You block xccam's ghost's attack. x2
Your shield and chain mail prevent you from hitting xccam's ghost.
Xccam's ghost is heavily damaged.
Xccam's ghost hits you!
You miss xccam's ghost.
Xccam's ghost is heavily damaged.
Xccam's ghost hits you!
You hit xccam's ghost but do no damage.
Xccam's ghost is heavily damaged.
You block xccam's ghost's attack. Xccam's ghost hits you!
* * * LOW HITPOINT WARNING * * *
Your chain mail prevents you from hitting xccam's ghost.
Xccam's ghost is heavily damaged.
Xccam's ghost hits you!
You die...

* * , , * ..
######### .
###........, * ,
.........>######
,
*#........W.%....
** * #)###.#.@###
* * , ..........#
* ###.#....#.# *
#........#.#
##.#.####.#.# , ,
#..<......#.# , *
#..#####..#.# ,
#.. ,,...#.# #.#
##.#.#


You could see xccam's ghost.

Vanquished Creatures
  The ghost of p0werm0de the Grave Robber, a novice FoNe of Cheibriados (D:6)
  A hornet zombie (D:4)
  An ice beast (D:4)
  A phantom (D:6)
  A sky beast (D:5)
  A crimson imp (D:5)
  2 hounds
  An iguana (D:4)
  A worker ant (D:6)
  5 adders
  An ooze (D:2)
  5 worms
  A dart slug (D:3)
  4 leopard geckos
  11 orcs
  2 ball pythons
  9 bats
  3 giant cockroaches
  5 goblins
  5 hobgoblins
  2 jackals (D:4)
  7 kobolds
  2 quokkas (D:4)
  3 frilled lizards
  A jackal skeleton (D:4)
  A leopard gecko skeleton (D:5)
  5 rats
82 creatures vanquished.

Notes
Turn   | Place    | Note
-------+----------+-------------------------------------------
     0 | D:1      | Lovchig the Deep Dwarf Fighter began the quest for the Orb.
     0 | D:1      | Reached XP level 1. HP: 20/20 MP: 1/1
   684 | D:1      | Reached XP level 2. HP: 25/27 MP: 2/2
   958 | D:2      | Found a faded altar of an unknown god.
   998 | D:2      | Reached XP level 3. HP: 15/33 MP: 3/3
  1128 | D:2      | Reached skill level 3 in Axes
  1393 | D:3      | Reached XP level 4. HP: 15/42 MP: 4/4
  1528 | D:3      | Found a stormy altar of Qazlal.
  1547 | D:3      | Reached skill level 1 in Dodging
  2078 | D:4      | Noticed an ice beast
  2085 | D:4      | Killed an ice beast
  2085 | D:4      | Reached skill level 4 in Axes
  2085 | D:4      | Reached XP level 5. HP: 26/49 MP: 4/4
  2363 | D:4      | HP: 1/49 [hornet zombie (3)]
  2369 | D:4      | Reached skill level 5 in Axes
  2369 | D:4      | Reached XP level 6. HP: 24/56 MP: 5/5
  2606 | D:5      | Entered Level 5 of the Dungeon
  2991 | D:5      | Noticed a sky beast
  3007 | D:5      | Killed a sky beast
  3007 | D:5      | Reached skill level 5 in Shields
  3007 | D:5      | Reached XP level 7. HP: 50/62 MP: 5/5
  3056 | D:6      | Found a blossoming altar of Fedhas.
  3231 | D:6      | Noticed p0werm0de's ghost (novice FoNe)
  3260 | D:6      | Killed p0werm0de's ghost
  3260 | D:6      | Reached skill level 6 in Axes
  3278 | D:6      | Found a hide-covered altar of Uskayaw.
  3485 | D:7      | Noticed xccam's ghost (novice GnWn)
  3499 | D:7      | Slain by xccam's ghost

Skill      XL: |  1  2  3  4  5  6  7 |
---------------+----------------------+-----
Axes           | 3 4 5 6 |  6.7
Fighting       | 3 |  3.9
Dodging        | 1 2 |  2.8
Armour         | 4 |  4.8
Shields        | 4 5 |  5.5

Action                   |  1- 3 |  4- 6 |  7- 9 || total
-------------------------+-------+-------+-------++-------
Melee: War axe           |   144 |   201 |    62 ||   407
 Abil: Heal Wounds       |       |     3 |     1 ||     4
  Use: Scroll            |     5 |     5 |     4 ||    14
  Eat: Chunk             |     2 |     5 |       ||     7
       Ration            |       |       |     1 ||     1
Armor: Chain mail        |   117 |    92 |    20 ||   229
Dodge: Dodged            |    30 |    34 |     4 ||    68
Block: Shield            |   104 |    30 |       ||   134
       Large shield      |       |   110 |    42 ||   152
